Description

This build can be done in all league. It's design to be really strong in defense and works against every kind of Zerg build order (cheese, all-in macro).

It's a fast robo opening (warp prism for harass then immortals). It's less effective for harass compared to a Stargate opening but you will go directly to the standard mid/late composition.

This is a game from Astrea against Solar.

VOD

https://youtu.be/IQPPjbR3G3M

Replay - Astrea vs Solar

Build Order

Get SALT Encoding   

  12  0:00  Probe  
  13  0:12  Probe  
  14  0:17  Pylon  
  14  0:24  Probe (Chrono Boost)  
  15  0:36  Probe (Chrono Boost)  
  15  0:39  Gateway  
  16  0:43  Probe (Chrono Boost)  
  16  0:48  Assimilator  
  17  0:51  Probe  
  18  1:03  Probe  
  19  1:15  Probe  
  20  1:25  Cybernetics Core  
  20  1:33  Nexus  
  20  1:37  Probe  
  21  1:43  Pylon  
  21  1:49  Probe  
  21  1:53  Assimilator  
  22  1:59  Adept (Chrono Boost)  
  25  2:13  Robotics Facility  
  26  2:19  Adept (Chrono Boost)  
  28  2:29  Warp Gate  
  30  2:44  Stalker  
  35  3:04  Warp Prism (Chrono Boost)  
  41  3:20  Pylon  
  41  3:24  Sentry  
  45  3:36  Immortal (Chrono Boost)  
  51  3:50  Pylon  
  53  4:05  Immortal (Chrono Boost)  
  56  4:13  Pylon  
  57  4:17  Sentry  
  57  4:20  Assimilator x2  
  62  4:35  Immortal (Chrono Boost)  
  66  4:44  Forge  
  67  4:45  Twilight Council  
  67  4:55  Gateway x2  
  67  4:59  Sentry  
  69  5:15  Immortal (Chrono Boost)  
  69  5:17  Gateway x2  
  69  5:20  Protoss Ground Weapons Level 1 (Chrono Boost)  
  73  5:21  Charge (Chrono Boost)  
  73  5:26  Sentry  
  75  5:44  Gateway x2  
  75  5:59  Immortal (Chrono Boost)  
  77  6:07  Templar Archives  
  77  6:08  Sentry  
  77  6:09  Zealot x2  
  83  6:18  Zealot x2  
  87  6:38  Gateway  
  87  6:42  Zealot x6  
  101  7:03  High Templar x4  
  101  7:07  Archon x2  
  75  8:39  High Templar x4  
  83  8:42  Sentry x4  
  83  8:43  Archon x2  
  91  8:52  Observer  
  92  9:14  High Templar x2  
  100  9:27  Immortal (Chrono Boost)  
  104  9:32  Protoss Ground Weapons Level 2  
  104  9:34  Archon  
  104  9:35  Nexus  
  104  9:56  Sentry  
  104  9:58  Immortal (Chrono Boost)  
Spawning Tool Build Advisor. Get it on Overwolf

Go to:

Details

  • Created by: zuka      
  • Published on: Jun 02, 2020
  • Patch: 4.11.0
  • Difficulty: Medium
Show
View Real Time Build Order
Export as new Build Order

Comments (1)

On June 4, 2022, 3:34 a.m., jiadenuo  said:

Made the harstem iodis haha

Create an account to comment!